 Dungeon Crawl Stone Soup version 0.18.1-48-g4cf74bf (webtiles) character file.

4111 Joat the Martial Artist (level 10, -10/120 HPs)
             Began as an Octopode Monk on Aug 26, 2016.
             Was a Follower of Sif Muna.
             Mangled by a wyvern (17 damage)
             ... on level 9 of the Dungeon.
             The game lasted 00:42:11 (9789 turns).

Joat the Martial Artist (Octopode Monk)             Turns: 9789, Time: 00:42:12

Health: -10/120    AC:  1    Str: 18 (20) XL:     10   Next: 26%
Magic:  11/11      EV: 18    Int: 14 (16) God:    Sif Muna [*.....]
Gold:   538        SH:  5    Dex: 17 (19) Spells: 0 memorised, 9 levels left

rFire  . . .     SeeInvis .       - Unarmed
rCold  . . .     Gourm    .     l - +0 buckler
rNeg   . . .     Faith    .     (helmet restricted)
rPois  .         Spirit   .     x - amulet of rage
rElec  .         Dismiss  .     i - ring of stealth
rCorr  .         Reflect  .     p - ring of Cyxegrue {-Tele Str+3 Int+6}
SustAt .         Harm     .     (no ring)
MR     .....     NoTele   +     (no ring)
Stlth  ..........               (no ring)
                                (no ring)
                                (no ring)
                                (no ring)

@: mighty, berserking, lethally poisoned (-10 -> -10), very quick, not resistant
to hostile enchantments, extremely unstealthy
A: almost no armour, amphibious, 8 rings, constrict 8, camouflage 1, agile 1,
dopey 1, robust 1, gelatinous body 1
a: Channel Energy, Renounce Religion, Evoke Berserk Rage


You were on level 9 of the Dungeon.
You worshipped Sif Muna.
Sif Muna was aware of your devotion.
You were not hungry.

You visited 1 branch of the dungeon, and saw 9 of its levels.

You collected 538 gold pieces.

Inventory:

Missiles
 j - 12 javelins (quivered)
Armour
 l - a +0 buckler (worn)
Jewellery
 i - a ring of stealth (left tentacle)
 p - the ring of Cyxegrue (right tentacle) {-Tele Str+3 Int+6}
   (You found it on level 5 of the Dungeon)

   [ring of strength]

   It affects your strength (+3).
   It affects your intelligence (+6).
   It prevents most forms of teleportation.
 x - an amulet of rage (around mantle)
Wands
 r - a wand of random effects (25/48)
 F - a wand of polymorph (4/24)
Scrolls
 b - 8 scrolls of identify {unknown}
 d - 3 scrolls of noise {unknown}
 f - 6 scrolls of magic mapping {unknown}
 g - 5 scrolls of remove curse {unknown}
 k - 2 scrolls of enchant armour {unknown}
 q - 2 scrolls of fog {unknown}
 s - 2 scrolls of teleportation {unknown}
 t - a scroll of amnesia {unknown}
 w - a scroll of random uselessness {unknown}
 y - a scroll of immolation {unknown}
 C - a scroll of enchant weapon {unknown}
 D - a scroll of recharging {unknown}
Potions
 c - 2 potions of cancellation {unknown}
 e - a potion of heal wounds
 m - a potion of brilliance {unknown}
 n - a potion of curing {unknown}
 u - a potion of mutation
 v - 2 potions of degeneration
 z - 3 potions of might
 A - a potion of haste {unknown}
 B - a potion of cure mutation {unknown}
Comestibles
 a - 5 bread rations
 h - 3 meat rations
 o - a fruit
 E - 3 chunks of flesh


   Skills:
 * Level 8.4 Fighting
 * Level 8.4 Dodging
 - Level 2.6 Stealth
 - Level 4.0 Shields
 * Level 9.0 Unarmed Combat
 - Level 2.6 Evocations


You had 9 spell levels left.
You didn't know any spells.

Dungeon Overview and Level Annotations

Branches:
Dungeon (9/15)             Temple (0/1) D:6
   Lair: D:8-11         Orc: D:9-12

Altars:
Cheibriados
Elyvilon
Fedhas
Gozag
Kikubaaqudgha
Nemelex Xobeh
Okawaru
Pakellas
Sif Muna
Xom
Yredelemnul
Zin
The Shining One

Shops:
D:9 ?

Annotations:
D:2 exclusion: oklob plant
D:8 HEYYEYAAE's ghost, novice DrIE


Innate Abilities, Weirdness & Mutations

You cannot wear most types of armour.
You are amphibious.
You can wear up to eight rings at the same time.
You can use your tentacles to constrict eight enemies at once.
Your skin changes colour to match your surroundings (Stealth).
Your rubbery body absorbs attacks (AC +1).
You are agile. (Dex +2)
You are dopey. (Int -2)
You are robust (+10% HP).


Message History

Drink which item? (? for menu, Esc to quit)
It was a potion of degeneration.
There was something very wrong with that liquid.
You feel weakened.
You feel dopey.
You feel clumsy.
You feel sick. The wyvern misses you.
Drink which item? (? for menu, Esc to quit)
It was a potion of might.
You feel very mighty all of a sudden. The wyvern misses you.
The wyvern closely misses you.
A red film seems to cover your vision as you go berserk!
You feel yourself moving faster!
You feel mighty! You block the wyvern's attack.
You batter the wyvern!! You squeeze the wyvern.
The wyvern is almost dead.
You feel sick. The wyvern bites you!
* * * LOW HITPOINT WARNING * * *
You barely miss the wyvern.
The wyvern is almost dead.
The wyvern bites you!
You die...

..................#
............###.#.#
..####.#+#####.#.#
#.#........##
#.#........#
#.#........#
#.#........#
#.#........#
#@#........#
#l#........#
#Y.........#
#..........#
#.##.......#
#######†##.......#
........##........
..........>##.#.
...........# .#


You could see a wyvern and an ice beast.

Vanquished Creatures
  Grinder (D:4)
  Sigmund (D:4)
  Eustachio (D:5)
  A mottled dragon (D:8)
  A water moccasin (D:8)
  3 sky beasts
  An orc warrior (D:6)
  An eye of draining (D:9)
  An ice beast (D:7)
  3 necrophages
  4 ogres
  2 centaurs
  A crocodile (D:8)
  Blork the orc (D:6)
  3 giant frogs
  2 scorpions
  5 killer bees (D:9)
  2 howler monkeys (D:4)
  3 crimson imps
  2 giant frog zombies
  A quasit (D:7)
  9 orc priests
  7 hounds
  2 jellies
  6 orc wizards
  A giant frog skeleton (D:7)
  7 worker ants
  2 hound skeletons
  2 howler monkey zombies (D:7)
  3 gnolls (D:2)
  6 adders
  3 shadow imps
  2 adder skeletons (D:7)
  A worm (D:2)
  5 dart slugs
  7 giant geckos
  28 orcs
  5 bats
  6 giant cockroaches
  8 goblins
  6 hobgoblins
  3 kobolds (D:1)
  3 quokkas
  A giant gecko skeleton (D:3)
  3 giant newts
  A jackal zombie (D:5)
  6 rats
173 creatures vanquished.

Vanquished Creatures (others)
  21 toadstools (D:2)
21 creatures vanquished.

Grand Total: 194 creatures vanquished

Notes
Turn   | Place    | Note
--------------------------------------------------------------
     0 | D:1      | Joat the Octopode Monk began the quest for the Orb.
     0 | D:1      | Reached XP level 1. HP: 16/16 MP: 1/1
    97 | D:1      | Reached XP level 2. HP: 21/21 MP: 2/2
   421 | D:1      | Reached XP level 3. HP: 26/26 MP: 3/3
  1174 | D:2      | Reached XP level 4. HP: 33/33 MP: 4/4
  1379 | D:2      | Found a shimmering altar of Xom.
  1383 | D:2      | Found a sparkling altar of Nemelex Xobeh.
  1567 | D:2      | Found a blossoming altar of Fedhas.
  1794 | D:2      | Noticed an oklob plant
  2236 | D:3      | Found a snail-covered altar of Cheibriados.
  2348 | D:4      | Reached XP level 5. HP: 37/37 MP: 5/5
  2507 | D:4      | Noticed an ogre
  2534 | D:4      | HP: 1/37 [ogre/giant club (13)]
  2535 | D:4      | Killed an ogre
  2535 | D:4      | Reached skill level 5 in Unarmed Combat
  2535 | D:4      | Reached XP level 6. HP: 2/44 MP: 6/6
  3468 | D:4      | Reached skill level 5 in Fighting
  3527 | D:4      | Found an oddly glowing altar of Pakellas.
  3579 | D:4      | Reached skill level 5 in Dodging
  3579 | D:4      | Reached XP level 7. HP: 28/50 MP: 7/7
  4005 | D:4      | Noticed Sigmund
  4007 | D:4      | Gained mutation: You are agile. (Dex +2) [potion of mutation]
  4007 | D:4      | Gained mutation: You are robust (+10% HP). [potion of mutation]
  4007 | D:4      | Gained mutation: You are dopey. (Int -2) [potion of mutation]
  4011 | D:4      | Noticed Grinder
  4020 | D:4      | Killed Grinder
  4020 | D:4      | Reached skill level 6 in Unarmed Combat
  4046 | D:4      | Killed Sigmund
  4046 | D:4      | Reached XP level 8. HP: 43/62 MP: 8/8
  4376 | D:4      | Found a deep blue altar of Sif Muna.
  4379 | D:4      | Became a worshipper of Sif Muna the Loreminder
  4379 | D:4      | Reached * piety under Sif Muna
  4379 | D:4      | Reached ** piety under Sif Muna
  4450 | D:5      | Entered Level 5 of the Dungeon
  4454 | D:5      | Found a deep blue altar of Sif Muna.
  4509 | D:5      | Got a glittering platinum ring
  4511 | D:5      | Identified the ring of Cyxegrue {-Tele Str+3 Int+6} (You found it on level 5 of the Dungeon)
  4579 | D:5      | Noticed Eustachio
  4587 | D:5      | Killed Eustachio
  4716 | D:5      | Reached skill level 7 in Unarmed Combat
  4734 | D:5      | Found an opulent altar of Gozag.
  4734 | D:5      | Found an ancient bone altar of Kikubaaqudgha.
  5618 | D:6      | Found a staircase to the Ecumenical Temple.
  5656 | D:6      | Found a white marble altar of Elyvilon.
  5934 | D:6      | Noticed Blork the orc
  6070 | D:6      | You fall through a shaft!
  6136 | D:7      | Reached skill level 1 in Shields
  6136 | D:7      | Reached XP level 9. HP: 67/70 MP: 9/9
  6379 | D:6      | Found an iron altar of Okawaru.
  6397 | D:6      | Found a basalt altar of Yredelemnul.
  6765 | D:6      | Reached skill level 1 in Evocations
  7474 | D:7      | Reached skill level 8 in Unarmed Combat
  8423 | D:8      | Found a white marble altar of Elyvilon.
  8423 | D:8      | Found a glowing silver altar of Zin.
  8424 | D:8      | Found a glowing golden altar of the Shining One.
  8613 | D:8      | Noticed HEYYEYAAE's ghost (novice DrIE)
  8641 | D:8      | Reached XP level 10. HP: 79/79 MP: 11/11
  9634 | D:6      | Killed Blork the orc
  9748 | D:9      | Found Wapnuut's Magic Scroll Shop.
  9766 | D:9      | Reached skill level 9 in Unarmed Combat
  9789 | D:9      | Mangled by a wyvern

Skill      XL: |  1  2  3  4  5  6  7  8  9 10 |
---------------+-------------------------------+-----
Fighting       | 4 5 7 8 |  8.4
Dodging        | 4 5 7 8 |  8.4
Unarmed Combat | 5 6 7 8 9 |  9.0
Shields        | 1 4 |  4.0
Evocations     | 2 |  2.6
Stealth        | |  2.6

Action                   |  1- 3 |  4- 6 |  7- 9 | 10-12 || total
-------------------------+-------+-------+-------+-------++-------
Melee: Unarmed           |    61 |   101 |   273 |    79 ||   514
       Constrict         |    20 |    25 |    56 |    15 ||   116
       Tentacles         |    12 |    25 |    74 |    21 ||   132
       Punch             |     2 |     4 |    20 |    10 ||    36
 Abil: Evoke Berserk Rag |       |       |     1 |     1 ||     2
  Use: Potion            |       |     1 |     2 |     2 ||     5
 Stab: Sleeping          |     6 |     5 |    15 |     7 ||    33
       Distracted        |       |     1 |       |     1 ||     2
  Eat: Chunk             |     1 |     7 |    12 |     3 ||    23
       Royal jelly       |       |       |     1 |       ||     1
       Pizza             |       |       |     1 |       ||     1
       Fruit             |       |       |     2 |       ||     2
Armor: Skin              |     2 |     5 |    13 |     1 ||    21
Dodge: Dodged            |    33 |    60 |   153 |    51 ||   297
Block: Buckler           |       |       |    25 |    12 ||    37
